TOP OF THE 1ST |
University of Maine Black Bears batting - Pitching for University of Nebraska Cornhuskers : RHP Marcus Reiling
|
Pitching: RHP Marcus Reiling
|
|
Batting: RHB Victor Dominguez
|
0-0: Called Strike 0-1: Ball 1-1: Swinging Strike 1-2: Ball 2-2: Strikes out swinging
|
Batting: RHB Tsutomu Kawashima
|
0-0: Ground out 6-3 (Groundball, 6, EV 101.9 MPH)
|
Batting: RHB Jon Borden
|
0-0: Called Strike 0-1: Ball 1-1: Foul Ball, location: 2F 1-2: Ball 2-2: Ball 3-2: Ground out 6-3 (Groundball, 6, EV 91.3 MPH)
|
Top of the 1st over - 0 runs, 0 hits, 0 errors, 0 left on base; University of Maine 0 - University of Nebraska 0 |
BOTTOM OF THE 1ST |
University of Nebraska Cornhuskers batting - Pitching for University of Maine Black Bears : RHP Kiyoyuki Abe
|
Pitching: RHP Kiyoyuki Abe
|
|
Batting: RHB Mohammed bin Ubaida
|
0-0: Ball 1-0: Ball 2-0: Ball 3-0: Called Strike 3-1: Foul Ball, location: 2F 3-2: Foul Ball, location: 2F 3-2: Foul Ball, location: 2F 3-2: Base on Balls
|
Batting: RHB Quan Tai
|
0-0: Ball 1-0: Ball 2-0: Grounds into double play, 6-4-3 (Groundball, 6S, EV 86.9 MPH)
|
Batting: SHB Karl Starnes
|
0-0: Ground out U3 (Groundball, 23, EV 83.8 MPH)
|
Bottom of the 1st over - 0 runs, 0 hits, 0 errors, 0 left on base; University of Maine 0 - University of Nebraska 0 |
TOP OF THE 2ND |
University of Maine Black Bears batting - Pitching for University of Nebraska Cornhuskers : RHP Marcus Reiling
|
Batting: RHB Konrad van Oosterhout
|
0-0: Ball 1-0: Foul Ball, location: 2F 1-1: Fly out, F3 (Line Drive, 3, EV 64.4 MPH)
|
Batting: RHB Ruben Domingues
|
0-0: Ball 1-0: Fly out, F7 (Line Drive, 7, EV 96.3 MPH)
|
Batting: LHB Jeremy Nuzzo
|
0-0: Called Strike 0-1: Fly out, F7 (Flyball, 78S, EV 84.4 MPH)
|
Top of the 2nd over - 0 runs, 0 hits, 0 errors, 0 left on base; University of Maine 0 - University of Nebraska 0 |
BOTTOM OF THE 2ND |
University of Nebraska Cornhuskers batting - Pitching for University of Maine Black Bears : RHP Kiyoyuki Abe
|
Batting: RHB Kekoa Kahele
|
0-0: Ball 1-0: SINGLE (Line Drive, 4MD, EV 94.4 MPH)
|
Batting: RHB Doug Thornsberry
|
0-0: Ball Kekoa Kahele steals 2nd base (no throw) 1-0: Called Strike 1-1: SINGLE (Groundball, 25, EV 66.3 MPH) (infield hit) Kekoa Kahele to third
|
Batting: RHB Juan Ordonez
|
0-0: Ball 1-0: Ball 2-0: Called Strike 2-1: Swinging Strike 2-2: SINGLE (Line Drive, 8LS, EV 90.6 MPH) Kekoa Kahele scores Doug Thornsberry to second Runner from 2nd tries for 3rd, SAFE, throw by CF made to third
|
Batting: RHB Hanley Hernandez
|
0-0: Swinging Strike 0-1: Ball 1-1: Swinging Strike 1-2: Ball 2-2: SINGLE (Groundball, 6MS, EV 84.4 MPH) (infield hit) Doug Thornsberry scores Juan Ordonez to second
|
Batting: RHB Alfredo Montero
|
0-0: Ball 1-0: Ball 2-0: Ball 3-0: Called Strike 3-1: Called Strike 3-2: Foul Ball, location: 2F 3-2: Strikes out swinging Juan Ordonez steals 3rd base Batter strikes out. Hanley Hernandez to second
|
Batting: RHB Hsien-feng Que
|
0-0: Called Strike 0-1: Ball 1-1: Swinging Strike 1-2: Ball 2-2: Ball 3-2: SINGLE (Groundball, 6MD, EV 93.8 MPH) Juan Ordonez scores Hanley Hernandez to third
|
Batting: RHB Mohammed bin Ubaida
|
0-0: Called Strike 0-1: Ball 1-1: Foul Ball, location: 2F 1-2: Fielders Choice at 2nd, 1-6 (Groundball, 34S, EV 75.6 MPH)
|
Batting: RHB Quan Tai
|
0-0: Foul Ball, location: 2F 0-1: Ball 1-1: Called Strike 1-2: Ball 2-2: Ground out 6-3 (Groundball, 6S, EV 79.4 MPH)
|
Bottom of the 2nd over - 3 runs, 5 hits, 0 errors, 2 left on base; University of Maine 0 - University of Nebraska 3 |
TOP OF THE 3RD |
University of Maine Black Bears batting - Pitching for University of Nebraska Cornhuskers : RHP Marcus Reiling
|
Batting: RHB Geoff Roberts
|
0-0: Ball 1-0: Called Strike 1-1: Swinging Strike 1-2: Strikes out swinging
|
Batting: RHB Ismael Dominguez
|
0-0: Called Strike 0-1: Called Strike 0-2: Ball 1-2: Strikes out swinging
|
Batting: RHB Ignacio Zapata
|
0-0: Fly out, F7 (Flyball, 7S, EV 90.0 MPH)
|
Top of the 3rd over - 0 runs, 0 hits, 0 errors, 0 left on base; University of Maine 0 - University of Nebraska 3 |
BOTTOM OF THE 3RD |
University of Nebraska Cornhuskers batting - Pitching for University of Maine Black Bears : RHP Kiyoyuki Abe
|
Batting: SHB Karl Starnes
|
0-0: Ball 1-0: Ground out U3 (Groundball, 3, EV 103.1 MPH)
|
Batting: RHB Kekoa Kahele
|
0-0: Fly out, F4 (Flyball, 34D, EV 81.3 MPH)
|
Batting: RHB Doug Thornsberry
|
0-0: Ball 1-0: Ground out 6-3 (Groundball, 6MS, EV 88.1 MPH)
|
Bottom of the 3rd over - 0 runs, 0 hits, 0 errors, 0 left on base; University of Maine 0 - University of Nebraska 3 |
TOP OF THE 4TH |
University of Maine Black Bears batting - Pitching for University of Nebraska Cornhuskers : RHP Marcus Reiling
|
Batting: RHB Victor Dominguez
|
0-0: SINGLE (Groundball, 6S, EV 72.5 MPH) (infield hit)
|
Batting: RHB Tsutomu Kawashima
|
0-0: Swinging Strike 0-1: Fly out, F3 (Popup, 23F, EV 75.0 MPH)
|
Batting: RHB Jon Borden
|
0-0: SINGLE (Groundball, 6MD, EV 107.5 MPH) Victor Dominguez to second Runner from 2nd tries for 3rd, SAFE, throw by CF made to third
|
Batting: RHB Konrad van Oosterhout
|
0-0: Called Strike 0-1: Ball 1-1: SINGLE (Groundball, 6D, EV 105.0 MPH) Victor Dominguez scores Jon Borden to second
|
Batting: RHB Ruben Domingues
|
0-0: Called Strike 0-1: Swinging Strike 0-2: Strikes out looking
|
Batting: LHB Jeremy Nuzzo
|
0-0: Ball 1-0: Foul Ball, location: 2F 1-1: Ball 2-1: Called Strike 2-2: Fly out, F7 (Flyball, 78M, EV 78.1 MPH)
|
Top of the 4th over - 1 run, 3 hits, 0 errors, 2 left on base; University of Maine 1 - University of Nebraska 3 |
BOTTOM OF THE 4TH |
University of Nebraska Cornhuskers batting - Pitching for University of Maine Black Bears : RHP Kiyoyuki Abe
|
Batting: RHB Juan Ordonez
|
0-0: Ball 1-0: Ball 2-0: Ball 3-0: Called Strike 3-1: Base on Balls
|
Batting: RHB Hanley Hernandez
|
0-0: Ball Juan Ordonez steals 2nd base (no throw) 1-0: Ball 2-0: Ball 3-0: Called Strike 3-1: Base on Balls
|
Batting: RHB Alfredo Montero
|
0-0: Called Strike 0-1: Fielders Choice at 2nd, 4-6 (Groundball, 4, EV 90.0 MPH) Juan Ordonez to third
|
Batting: RHB Hsien-feng Que
|
0-0: Foul Ball, location: 2F 0-1: Swinging Strike 0-2: Ball 1-2: SINGLE (Line Drive, 34, EV 100.0 MPH) Juan Ordonez scores Alfredo Montero to second
|
Batting: RHB Mohammed bin Ubaida
|
0-0: Called Strike 0-1: Ball 1-1: Fielders Choice at 3rd, U5 (Groundball, 5L, EV 91.9 MPH) Hsien-feng Que to second
|
Batting: RHB Quan Tai
|
0-0: Called Strike 0-1: Foul Ball, location: 2F 0-2: SINGLE (Line Drive, 8RS, EV 105.6 MPH) Hsien-feng Que to third Mohammed bin Ubaida to second Runner from 3rd tries for Home, SAFE, throw by CF to home
|
Pitching: RHP Mark Frizzell
|
|
Batting: SHB Karl Starnes
|
0-0: Ball 1-0: Fly out, F7 (Flyball, 78D, EV 88.1 MPH)
|
Bottom of the 4th over - 2 runs, 2 hits, 0 errors, 2 left on base; University of Maine 1 - University of Nebraska 5 |
TOP OF THE 5TH |
University of Maine Black Bears batting - Pitching for University of Nebraska Cornhuskers : RHP Marcus Reiling
|
Pitching: RHP Kenny Samuels
|
|
Batting: RHB Geoff Roberts
|
0-0: Swinging Strike 0-1: Called Strike 0-2: Foul Ball, location: 2F 0-2: Foul Ball, location: 2F 0-2: Strikes out swinging
|
Batting: RHB Ismael Dominguez
|
0-0: Ball 1-0: Ball 2-0: Ball 3-0: Base on Balls
|
Batting: RHB Ignacio Zapata
|
0-0: Ball 1-0: Ball 2-0: Called Strike 2-1: Ball 3-1: Base on Balls Ismael Dominguez to second
|
Batting: RHB Victor Dominguez
|
0-0: Ball 1-0: SINGLE (Groundball, 4MD, EV 105.0 MPH) Ismael Dominguez to third Ignacio Zapata to second
|
Batting: RHB Tsutomu Kawashima
|
0-0: Called Strike 0-1: SINGLE (Line Drive, 7S, EV 110.0 MPH) Ismael Dominguez scores Ignacio Zapata to third Victor Dominguez to second Runner from 3rd tries for Home, SAFE, throw by LF to home
|
Batting: RHB Jon Borden
|
0-0: Ball 1-0: Ball 2-0: Ball 3-0: Called Strike 3-1: Foul Ball, location: 2F 3-2: Fielders Choice at 2nd, 1-4 (Groundball, P, EV 69.4 MPH) Victor Dominguez to third
|
Batting: RHB Konrad van Oosterhout
|
0-0: Called Strike 0-1: SINGLE (Groundball, 56D, EV 96.3 MPH) Victor Dominguez scores Jon Borden to second
|
Pinch Hitting: SHB Bill Santos
|
0-0: Ball 1-0: Ball 2-0: Called Strike 2-1: Foul Ball, location: 2F 2-2: Foul Ball, location: 2F 2-2: Foul Ball, location: 2F 2-2: Foul Ball, location: 2F 2-2: DOUBLE (Flyball, 8LD, EV 100.0 MPH) Jon Borden scores Konrad van Oosterhout to third Runner from 3rd tries for Home, SAFE, throw by CF to trailing runner, SAFE at third!
|
Pitching: LHP Jesus Galvan
|
|
Batting: LHB Jeremy Nuzzo
|
0-0: Foul Ball, location: 2F 0-1: Ball 1-1: Ball 2-1: DOUBLE (Groundball, 5L, EV 100.6 MPH) Bill Santos scores
|
Batting: RHB Geoff Roberts
|
0-0: Called Strike 0-1: Foul Ball, location: 2F 0-2: Ball 1-2: Strikes out swinging
|
Top of the 5th over - 6 runs, 5 hits, 0 errors, 1 left on base; University of Maine 7 - University of Nebraska 5 |
BOTTOM OF THE 5TH |
University of Nebraska Cornhuskers batting - Pitching for University of Maine Black Bears : RHP Mark Frizzell
|
Now in CF: Enrique Gomez
|
|
Batting: RHB Kekoa Kahele
|
0-0: Ball 1-0: Foul Ball, location: 2F 1-1: Foul Ball, location: 2F 1-2: Ball 2-2: Foul Ball, location: 2F 2-2: Ground out 4-3 (Groundball, 4, EV 105.0 MPH)
|
Batting: RHB Doug Thornsberry
|
0-0: Called Strike 0-1: Ball 1-1: Called Strike 1-2: Foul Ball, location: 2F 1-2: Strikes out swinging
|
Batting: RHB Juan Ordonez
|
0-0: Ball 1-0: Foul Ball, location: 2F 1-1: Ball 2-1: Ball 3-1: SINGLE (Groundball, 6MS, EV 64.4 MPH) (infield hit)
|
Batting: RHB Hanley Hernandez
|
0-0: Called Strike Juan Ordonez steals 2nd base (no throw) 0-1: Ball 1-1: Swinging Strike 1-2: Ball 2-2: Ball 3-2: Base on Balls
|
Batting: RHB Alfredo Montero
|
0-0: Swinging Strike 0-1: Foul Ball, location: 2F 0-2: SINGLE (Groundball, 6MD, EV 98.8 MPH) Juan Ordonez to third Hanley Hernandez to second Runner from 3rd tries for Home, throw by CF and OUT! 8-2
|
Bottom of the 5th over - 0 runs, 2 hits, 0 errors, 2 left on base; University of Maine 7 - University of Nebraska 5 |
TOP OF THE 6TH |
University of Maine Black Bears batting - Pitching for University of Nebraska Cornhuskers : LHP Jesus Galvan
|
Batting: RHB Ismael Dominguez
|
0-0: Called Strike 0-1: Ball 1-1: Foul Ball, location: 2F 1-2: Ball 2-2: Strikes out swinging
|
Batting: RHB Ignacio Zapata
|
0-0: SINGLE (Groundball, 56, EV 96.9 MPH)
|
Batting: RHB Victor Dominguez
|
0-0: Called Strike 0-1: Ball 1-1: Ball 2-1: Fielders Choice at 2nd, 3-6 (Groundball, 13, EV 91.9 MPH)
|
Batting: RHB Jeff McClellan
|
0-0: Called Strike 0-1: Foul Ball, location: 2F 0-2: Foul Ball, location: 2F 0-2: Ball 1-2: Strikes out looking
|
Top of the 6th over - 0 runs, 1 hit, 0 errors, 1 left on base; University of Maine 7 - University of Nebraska 5 |
BOTTOM OF THE 6TH |
University of Nebraska Cornhuskers batting - Pitching for University of Maine Black Bears : RHP Mark Frizzell
|
Batting: RHB Hsien-feng Que
|
0-0: Called Strike 0-1: Swinging Strike 0-2: Foul Ball, location: 2F 0-2: Ball 1-2: Foul Ball, location: 2F 1-2: Fly out, F8 (Flyball, 8RD, EV 92.5 MPH)
|
Pinch Hitting: RHB Eric Guy
|
0-0: Ball 1-0: Called Strike 1-1: Foul Ball, location: 2F 1-2: Ball 2-2: Foul Ball, location: 2F 2-2: Ball 3-2: Base on Balls
|
Pitching: RHP Oscar Santistevan
|
|
Pinch Hitting: LHB Duda Pinho
|
0-0: Ball Eric Guy steals 2nd base 1-0: Fly out, F7 (Flyball, 7LS, EV 81.3 MPH)
|
Batting: SHB Karl Starnes
|
0-0: Ball 1-0: Foul Ball, location: 2F 1-1: Ground out 6-3 (Groundball, 6, EV 88.1 MPH)
|
Bottom of the 6th over - 0 runs, 0 hits, 0 errors, 1 left on base; University of Maine 7 - University of Nebraska 5 |
TOP OF THE 7TH |
University of Maine Black Bears batting - Pitching for University of Nebraska Cornhuskers : LHP Jesus Galvan
|
Now at SS: Eric Guy
|
|
Now in LF: Kekoa Kahele
|
|
Now in CF: Duda Pinho
|
|
Now in RF: Juan Ordonez
|
|
Pinch Hitting: RHB Jesus Escobedo
|
0-0: Ball 1-0: SINGLE (Line Drive, 8LS, EV 105.0 MPH)
|
Batting: RHB Konrad van Oosterhout
|
0-0: Called Strike 0-1: Swinging Strike 0-2: Ball 1-2: Ground out 4-3 (Groundball, 34, EV 103.1 MPH) Jesus Escobedo to second
|
Batting: RHB Enrique Gomez
|
0-0: Intentional Walk
|
Pinch Hitting: RHB Ivan Navar
|
0-0: Ball 1-0: Called Strike 1-1: Fly out, F4 (Popup, 4MD, EV 56.3 MPH)
|
Pinch Hitting: SHB Jeremy Milner
|
0-0: Swinging Strike 0-1: Ball 1-1: Swinging Strike 1-2: Foul Ball, location: 2F 1-2: Ball 2-2: Strikes out looking
|
Top of the 7th over - 0 runs, 1 hit, 0 errors, 2 left on base; University of Maine 7 - University of Nebraska 5 |
BOTTOM OF THE 7TH |
University of Nebraska Cornhuskers batting - Pitching for University of Maine Black Bears : RHP Oscar Santistevan
|
Now at 1B: Alvin Garcia
|
|
Now at 2B: Bobby Love
|
|
Now in RF: Ivan Navar
|
|
Batting: RHB Kekoa Kahele
|
0-0: Ball 1-0: Called Strike 1-1: Ball 2-1: Ball 3-1: Ground out 6-3 (Groundball, 6, EV 104.4 MPH)
|
Batting: RHB Doug Thornsberry
|
0-0: Called Strike 0-1: Fly out, F7 (Flyball, 7, EV 83.1 MPH)
|
Batting: RHB Juan Ordonez
|
0-0: Called Strike 0-1: Bunt missed! 0-2: Ball 1-2: Ball 2-2: Foul Ball, location: 2F 2-2: Ball 3-2: Foul Ball, location: 2F 3-2: Base on Balls
|
Batting: LHB Jerry Santana
|
0-0: Called Strike 0-1: Called Strike Juan Ordonez steals 2nd base 0-2: Foul Ball, location: 2F 0-2: Ball 1-2: Ball 2-2: Ball 3-2: Foul Ball, location: 2F 3-2: Base on Balls
|
Pinch Hitting: LHB Luis Fabian
|
0-0: Ball 1-0: Ground out 4-3 (Groundball, 34, EV 83.1 MPH)
|
Bottom of the 7th over - 0 runs, 0 hits, 0 errors, 2 left on base; University of Maine 7 - University of Nebraska 5 |
TOP OF THE 8TH |
University of Maine Black Bears batting - Pitching for University of Nebraska Cornhuskers : LHP Jesus Galvan
|
Pitching: LHP Edwin Guzman
|
|
Now at 1B: Malcolm McCauley
|
|
Pinch Hitting: RHB Clark Meagher
|
0-0: Foul Ball, location: 2F 0-1: Foul Ball, location: 2F 0-2: Ball 1-2: Strikes out swinging
|
Batting: RHB Ignacio Zapata
|
0-0: Called Strike 0-1: Called Strike 0-2: Ball 1-2: Strikes out looking
|
Batting: RHB Victor Dominguez
|
0-0: Fly out, F8 (Flyball, 8RS, EV 83.1 MPH)
|
Top of the 8th over - 0 runs, 0 hits, 0 errors, 0 left on base; University of Maine 7 - University of Nebraska 5 |
BOTTOM OF THE 8TH |
University of Nebraska Cornhuskers batting - Pitching for University of Maine Black Bears : RHP Oscar Santistevan
|
Pitching: RHP Erik Guerrero
|
|
Now at 3B: Seung-kab Park
|
|
Now at SS: Tyler Rogers
|
|
Batting: RHB Hsien-feng Que
|
0-0: Called Strike 0-1: Ball 1-1: Ball 2-1: DOUBLE (Line Drive, 3D, EV 94.4 MPH)
|
Batting: RHB Eric Guy
|
0-0: Ball 1-0: Called Strike 1-1: Ball 2-1: Ball 3-1: Swinging Strike 3-2: Strikes out swinging
|
Pinch Hitting: RHB Jeremy Aldrich
|
0-0: Called Strike 0-1: Ball 1-1: Ball 2-1: Foul Ball, location: 2F 2-2: Ball 3-2: SINGLE (Groundball, 56S, EV 63.8 MPH) (infield hit) Hsien-feng Que to third
|
Batting: SHB Karl Starnes
|
0-0: Ball 1-0: Reached on error, E6 (Groundball, 4MS, EV 79.4 MPH) Hsien-feng Que scores Jeremy Aldrich to second
|
Pinch Hitting: RHB Carlos Ayala
|
0-0: Ball 1-0: Swinging Strike 1-1: Foul Ball, location: 2F 1-2: Foul Ball, location: 2F 1-2: Ball 2-2: Hit by Pitch Jeremy Aldrich to third Karl Starnes to second
|
Pinch Hitting: RHB Justin Weisman
|
0-0: Ball 1-0: Fly out, F8 (Line Drive, 8RD, EV 93.1 MPH) Runner from 3rd tags up, SCORES, throw by CF Karl Starnes to third
|
Batting: RHB Juan Ordonez
|
0-0: Ball 1-0: Fielders Choice at 2nd, 6-4 (Groundball, 6, EV 106.3 MPH)
|
Bottom of the 8th over - 2 runs, 2 hits, 1 error, 2 left on base; University of Maine 7 - University of Nebraska 7 |
TOP OF THE 9TH |
University of Maine Black Bears batting - Pitching for University of Nebraska Cornhuskers : LHP Edwin Guzman
|
Pitching: RHP Davon Ware
|
|
Now at 2B: Jeremy Aldrich
|
|
Now in LF: Robert Ortiz
|
|
Now in CF: Juan Ordonez
|
|
Now in RF: Carlos Ayala
|
|
Batting: SHB Alvin Fesko
|
0-0: SINGLE (Flyball, 4MD, EV 83.1 MPH)
|
Pinch Hitting: LHB Alex Guereca
|
0-0: Called Strike 0-1: Called Strike 0-2: Ball 1-2: Foul Ball, location: 2F 1-2: Strikes out swinging
|
Batting: RHB Konrad van Oosterhout
|
0-0: Ball 1-0: Swinging Strike 1-1: Ball 2-1: SINGLE (Groundball, 56S, EV 73.8 MPH) (infield hit) Alvin Fesko to second
|
Pinch Hitting: LHB Cameron Brown
|
0-0: Foul Ball, location: 2F 0-1: Ball 1-1: Called Strike Alvin Fesko steals 3rd base 1-2: Ball 2-2: SINGLE (Line Drive, 4D, EV 100.0 MPH) Alvin Fesko scores Konrad van Oosterhout to second Runner from 2nd tries for 3rd, SAFE, throw by RF made to third
|
Batting: RHB Ivan Navar
|
0-0: Ball 1-0: Called Strike 1-1: Ball Wild Pitch! Konrad van Oosterhout scores Cameron Brown to second 2-1: Intentional Walk
|
Batting: RHB Alvin Garcia
|
0-0: Called Strike 0-1: Swinging Strike 0-2: Ball 1-2: Fly out, F4 (Popup, 4MS, EV 77.5 MPH)
|
Batting: LHB Tyler Rogers
|
0-0: Foul Ball, location: 2F 0-1: SINGLE (Line Drive, 8LS, EV 106.9 MPH) Cameron Brown to third Ivan Navar to second
|
Pinch Hitting: RHB Rafael Mosquera
|
0-0: SINGLE (Groundball, 56D, EV 103.8 MPH) Cameron Brown scores Ivan Navar to third Tyler Rogers to second Runner from 3rd tries for Home, throw by LF and OUT! 7-2
|
Top of the 9th over - 3 runs, 5 hits, 0 errors, 2 left on base; University of Maine 10 - University of Nebraska 7 |
BOTTOM OF THE 9TH |
University of Nebraska Cornhuskers batting - Pitching for University of Maine Black Bears : RHP Erik Guerrero
|
Pitching: RHP David Espinosa
|
|
Now at 2B: Ryan Healy
|
|
Now in LF: Eddie Dimas
|
|
Now in CF: Rafael Mosquera
|
|
Batting: LHB Jerry Santana
|
0-0: Ball 1-0: Ball 2-0: Ball 3-0: SINGLE (Groundball, 56, EV 108.1 MPH) (infield hit)
|
Pinch Hitting: RHB Ramon Vidales
|
0-0: Swinging Strike 0-1: Ball 1-1: Ball 2-1: Foul Ball, location: 2F 2-2: Strikes out swinging
|
Batting: RHB Hsien-feng Que
|
0-0: Called Strike 0-1: Ball 1-1: Ball 2-1: Swinging Strike 2-2: Strikes out swinging
|
Batting: RHB Eric Guy
|
0-0: Ball 1-0: Swinging Strike 1-1: Swinging Strike 1-2: Strikes out swinging
|
Bottom of the 9th over - 0 runs, 1 hit, 0 errors, 1 left on base; University of Maine 10 - University of Nebraska 7 |
|